 Dungeon Crawl Stone Soup version 0.27-a0-1325-g58a489ad9e (webtiles) character file.

Game seed: 4042767780469191955

3656 Conn the Sneak (level 10, -2/94 HPs)
             Began as an Octopode Fire Elementalist on June 24, 2021.
             Was a Follower of Sif Muna.
             Slain by a killer bee (6 damage)
             ... on level 8 of the Dungeon.
             The game lasted 00:24:02 (10520 turns).

Conn the Sneak (Octopode Fire Elementalist)        Turns: 10520, Time: 00:24:04

Health: -2/94      AC: 25    Str:  7    XL:     10   Next: 12%
Magic:  19/19      EV:  2    Int: 20    God:    Sif Muna [*.....]
Gold:   292        SH:  0    Dex: 14    Spells: 5/21 levels left

rFire    + + .     SeeInvis .   b - +8 arc blade {discharge, rElec}
rCold    + . .     Faith    .   (no shield)
rNeg     + + +     Spirit   .   (helmet currently unavailable)
rPois    +         Reflect  +   m - amulet of reflection
rElec    +         Harm     .   g - ring of protection from fire
rCorr    .         Rampage  .   c - ring of protection from cold
Will     .....     NoTele   +   x - ring of protection from fire
Stlth    +.........             y - ring of wizardry
HPRegen  0.25/turn              (no ring)
MPRegen  0.16/turn              (no ring)
                                (no ring)
                                (no ring)

@: confused, tree-form, ambrosia-drunk
A: stationary, stasis, torment immunity, boosted hp, almost no armour,
(amphibious), 8 rings, (camouflage 1), (gelatinous body 1), (nimble swimmer 1),
(tentacles)
a: Renounce Religion, Channel Magic


You were on level 8 of the Dungeon.
You worshipped Sif Muna.
Sif Muna was aware of your devotion.
You were a tree.
You visited 1 branch of the dungeon, and saw 8 of its levels.

You collected 292 gold pieces.

Inventory:

Hand Weapons
 b - the +8 arc blade (weapon) {discharge, rElec}
   (You acquired it on level 5 of the Dungeon)

   It insulates you from electricity.
 e - a +0 short sword
 i - a +2 dagger of speed
 o - a +0 falchion of freezing
Missiles
 n - 33 poisoned darts (quivered)
 A - a throwing net
Armour
 v - a +2 kite shield
Jewellery
 c - a ring of protection from cold (right branch)
 g - a ring of protection from fire (left branch)
 m - an amulet of reflection (around neck)
 p - an amulet of regeneration
 x - a ring of protection from fire (on tentacle)
 y - a ring of wizardry (on tentacle)
Wands
 r - a wand of flame (17)
 u - a wand of iceblast (10)
 B - a wand of polymorph (7)
Scrolls
 a - a scroll of immolation
 f - 2 scrolls of fog
 j - 7 scrolls of identify
 k - 2 scrolls of holy word
 l - 3 scrolls of teleportation
Potions
 h - a potion of haste {unknown}
 q - a potion of flight {unknown}
 s - a potion of attraction
 t - a potion of degeneration {unknown}
 z - a potion of ambrosia
 C - a potion of invisibility {unknown}


   Skills:
 + Level 3.7 Fighting
 + Level 4.0 Short Blades
 + Level 1.0 Throwing
 + Level 4.9 Dodging
 + Level 6.8 Stealth
 + Level 2.6 Shields
 + Level 0.1 Unarmed Combat
 + Level 6.3 Spellcasting
 + Level 6.1 Conjurations
 + Level 6.6 Fire Magic
 + Level 0.6 Evocations


You had 5 spell levels left.
You knew the following spells:

 Your Spells              Type           Power      Damage    Failure   Level
a - Foxfire               Conj/Fire      100%       2x1d9     1%          1
b - Conjure Flame         Conj/Fire      31%        6-21      1%          3
c - Inner Flame           Hex/Fire       19%        N/A       3%          3
d - Sticky Flame          Conj/Fire      31%        2d5       3%          4
e - Fireball              Conj/Fire      15%        3d8       9%          5

Your spell library contained the following spells:

 Spells                   Type           Power      Damage    Failure   Level


Dungeon Overview and Level Annotations

Branches:
Dungeon (8/15)             Temple (0/1) D:6
   Lair: D:8-11

Altars:
Dithmenos
Gozag
Hepliaklqana
Qazlal
Sif Muna
Trog
Zin

Shops:
D:5 =


Innate Abilities, Weirdness & Mutations

You are a tree.
Your roots penetrate the ground, keeping you stationary.
You cannot be teleported.
You are immune to unholy pain and torment.
Your maximum health is greatly increased.
Your equipment is partially melded.
You cannot wear most types of armour.
((You are amphibious.))
You can wear up to eight rings at the same time.
((Your skin changes colour to match your surroundings (Stealth+).))
((Your rubbery body absorbs attacks. (AC +1, EV +1)))
((You are camouflaged near water. (Stealth+)))
((You have tentacles for arms and can constrict up to eight enemies at once.))


Message History

You feel better.
The killer bee stings you but does no damage. x2
The killer bee stings you.
* * * LOW HITPOINT WARNING * * *
The centaur shoots an arrow.
The arrow hits you.
* * * LOW HITPOINT WARNING * * *
x2 The killer bee stings you but does no damage.
The kobold hits you but does no damage. x2; The killer bee barely misses you.
The killer bee stings you but does no damage.
Okay, then.
Unknown command.
Unknown command.
Casting: Foxfire (safe; 1% risk of failure)
Confirm with . or Enter, or press ? or * to list all spells.
Aiming: Fireball (dangerous; 9% risk of failure)
Press: ? - help, Shift-Dir - straight line Out of range.
Okay, then.
Unknown command.
Unknown command.
Aiming: Iceblast
Press: ? - help, Shift-Dir - straight line
Okay, then.
Okay, then.
Okay, then.
Unknown command.
Unknown command.
Aiming: Iceblast
Press: ? - help, Shift-Dir - straight line Out of range.
Okay, then.
Unknown command.
Unknown command.
It was a potion of ambrosia.
You are confused.
You feel invigorated. The killer bee stings you.
* * * LOW HITPOINT WARNING * * *
The killer bee stings you but does no damage.
The killer bee stings you.
You die...

...#########
#.....yyK..#
#.#♣y..#.#
#...K....#
............#
####........#
#........#
#........#
#..c.....#
#........#
#........#


You could see a centaur, 3 killer bees and 2 kobolds.

Vanquished Creatures
  Pikel (D:5)
  4 water moccasins
  Purgy (D:3)
  A sky beast (D:6)
  2 ice beasts
  A necrophage (D:4)
  A hornet zombie (D:5)
  3 ogres
  A centaur (D:7)
  A phantom (D:7)
  A kobold brigand (D:7)
  Blork the orc (D:4)
  2 bullfrogs
  3 water moccasin zombies
  A wyvern skeleton (D:7)
  9 killer bees
  2 howler monkeys
  2 bullfrog zombies (D:6)
  6 hounds
  A jelly (D:7)
  2 orc priests (D:4)
  A gnoll shaman (D:6)
  3 centaur skeletons
  Terence (D:3)
  6 orc wizards
  Ijyb (D:4)
  2 iguanas
  A scorpion zombie (D:5)
  A killer bee zombie (D:7)
  A hound skeleton (D:4)
  3 gnolls (D:7)
  3 adders
  A shadow imp (D:6)
  A white imp (D:6)
  An ufetubus (D:7)
  An adder skeleton (D:4)
  2 dart slugs
  14 orcs
  6 endoplasms
  3 giant cockroaches
  10 hobgoblins
  11 jackals
  9 kobolds
  4 quokkas
  A ball python (D:4)
  8 bats
  3 frilled lizards
  11 goblins
  5 rats
160 creatures vanquished.

Vanquished Creatures (collateral kills)
  A foxfire (D:6)
1 creature vanquished.

Vanquished Creatures (others)
  A jackal (D:4)
  575 foxfires
576 creatures vanquished.

Grand Total: 737 creatures vanquished

Notes
Turn   | Place    | Note
-------+----------+-------------------------------------------
     0 | D:1      | Conn the Octopode Fire Elementalist began the quest for the
                  | Orb.
     0 | D:1      | Reached XP level 1. HP: 11/11 MP: 3/3
   156 | D:1      | Reached XP level 2. HP: 14/17 MP: 1/5
   774 | D:1      | Reached XP level 3. HP: 20/21 MP: 1/6
   782 | D:1      | Learned a level 3 spell: Conjure Flame
  1031 | D:1      | Found a faded altar of an unknown god.
  1728 | D:2      | Found a glowing silver altar of Zin.
  2442 | D:3      | Found an opulent altar of Gozag.
  2443 | D:3      | Found a bloodstained altar of Trog.
  2629 | D:3      | Reached XP level 4. HP: 26/27 MP: 1/8
  2715 | D:3      | Noticed Terence
  2741 | D:3      | Killed Terence
  2915 | D:3      | Noticed Purgy
  2992 | D:4      | Noticed a necrophage
  3220 | D:4      | Noticed Blork the orc
  3281 | D:4      | Killed a necrophage
  3282 | D:4      | Reached XP level 5. HP: 12/32 MP: 4/9
  3822 | D:4      | Reached XP level 6. HP: 37/37 MP: 5/10
  3828 | D:4      | Noticed Ijyb
  3833 | D:5      | Entered Level 5 of the Dungeon
  3833 | D:5      | Noticed a water moccasin
  3854 | D:4      | Killed Ijyb
  3999 | D:5      | Found Nihadgh's Jewellery Boutique.
  4298 | D:3      | Learned a level 3 spell: Inner Flame
  4303 | D:3      | Learned a level 4 spell: Sticky Flame
  4436 | D:4      | Reached skill level 1 in Fighting
  4511 | D:4      | Reached skill level 1 in Shields
  4600 | D:5      | Noticed Pikel
  4609 | D:5      | Identified a scroll of acquirement
  4609 | D:5      | Acquired the +8 arc blade {discharge, rElec}
  4610 | D:5      | Found the +8 arc blade {discharge, rElec}
  4618 | D:5      | Killed Pikel
  4619 | D:5      | Reached skill level 5 in Fire Magic
  4619 | D:5      | Reached XP level 7. HP: 7/45 MP: 10/13
  4619 | D:5      | Reached XP level 8. HP: 8/50 MP: 10/14
  4988 | D:5      | Found a shadowy altar of Dithmenos.
  5451 | D:5      | Reached skill level 1 in Throwing
  6075 | D:4      | Found a shimmering blue altar of Sif Muna.
  6377 | D:4      | Killed Blork the orc
  6378 | D:4      | Reached skill level 5 in Spellcasting
  6378 | D:4      | Reached XP level 9. HP: 51/56 MP: 12/16
  6944 | D:4      | Became a worshipper of Sif Muna the Loreminder
  6970 | D:3      | Found a hazy altar of Hepliaklqana.
  6970 | D:3      | Found a stormy altar of Qazlal.
  6973 | D:3      | Killed Purgy
  6974 | D:3      | Reached skill level 5 in Conjurations
  7092 | D:6      | Reached skill level 5 in Stealth
  7331 | D:6      | Found a staircase to the Ecumenical Temple.
  8519 | D:6      | Learned a level 5 spell: Fireball
  9627 | D:7      | Reached XP level 10. HP: 53/63 MP: 10/19
  9630 | D:7      | Reached * piety under Sif Muna
 10520 | D:8      | HP: 4/94 [killer bee (6)]
 10520 | D:8      | Slain by a killer bee

Illustrated notes

Levels and vault maps discovered:
D:1:      dpeg_arrival_orchard, layout_basic, ebering_ecumenical_altar_rust
D:2:      layout_basic, basic_altar
D:3:      layout_rooms, old_standard_altar, nicolae_overflow_hidden_temple,
          uniq_purgy, uniq_terence
D:4:      cheibrodos_greedy_goblins, layout_cave_pools, lemuel_tele_altar,
          minmay_starry_boxes, uniq_blork_the_orc, uniq_ijyb
D:5:      layout_loops_ring, grunt_dithmenos_smoke, serial_shops, shop,
          uniq_pikel
D:6:      layout_gridville, minmay_temple_entry_overgrown,
          minmay_stone_trees_small
D:7:      layout_cave_pools
D:8:      layout_basic

Skill      XL: |  1  2  3  4  5  6  7  8  9 10 |
---------------+-------------------------------+-----
Stealth        | 3 4 6 |  6.8
Fire Magic     | 4 5 6 |  6.6
Spellcasting   | 3 4 5 6 |  6.3
Conjurations   | 2 3 4 5 6 |  6.1
Fighting       | 2 3 |  3.7
Shields        | 1 2 |  2.6
Short Blades   | 2 3 4 |  4.0
Dodging        | 3 4 |  4.9
Throwing       | 1 |  1.0
Unarmed Combat | |  0.1
Evocations     | |  0.6

Action                   |  1- 3 |  4- 6 |  7- 9 | 10-12 || total
-------------------------+-------+-------+-------+-------++-------
Melee: Unarmed           |    17 |       |       |       ||    17
       Tentacles         |     4 |     9 |    19 |       ||    32
       Constrict         |     5 |    12 |    18 |       ||    35
       Short sword       |     4 |       |       |       ||     4
       Dagger            |       |    59 |   104 |     4 ||   167
       Rapier            |       |     4 |       |    13 ||    17
Throw: Dart              |       |     5 |       |       ||     5
 Cast: Foxfire           |    89 |    72 |   155 |    11 ||   327
       Conjure Flame     |       |       |     6 |       ||     6
       Sticky Flame      |       |       |     5 |     5 ||    10
       Fireball          |       |       |     1 |     1 ||     2
Evoke: Wand              |       |       |     3 |       ||     3
  Use: Scroll            |       |     7 |     4 |       ||    11
       Potion            |       |     2 |       |     6 ||     8
 Stab: Sleeping          |       |     2 |     5 |       ||     7
Armor: Skin              |     7 |     3 |    11 |    30 ||    51
Dodge: Dodged            |    60 |    56 |    70 |    27 ||   213
Block: Other             |     5 |    21 |    20 |    19 ||    65
       Reflection        |       |       |       |     3 ||     3

Table legend: (Time is in decaauts)
 A = Elapsed time spent in this place.
 B = Non-inter-level travel time spent in this place.
 C = Inter-level travel time spent in this place.
 D = Time resting spent in this place.
 E = Time spent auto-exploring this place.
 F = Levels seen in this place.
 G = Mean time per level.
                   A        B        C        D        E       F      G
               +--------+--------+--------+--------+--------+-----+--------+
         Total |  10462 |  10175 |    287 |   1912 |   6227 |   8 | 1307.8 |
       Dungeon |  10462 |  10175 |    287 |   1912 |   6227 |   8 | 1307.8 |
               +--------+--------+--------+--------+--------+-----+--------+

Top non-repeatable levels by time:
     D:6: 2002 daAuts
     D:4: 1924 daAuts
     D:1: 1694 daAuts
     D:5: 1480 daAuts
     D:7: 1426 daAuts
     D:3: 1337 daAuts
     D:2: 587 daAuts
     D:8: 10 daAuts
